 Dungeon Crawl Stone Soup version 0.28.0-53-g5a82cb258f (webtiles) character file.

Game seed: 11235224913710851701

70 Descartes the Grasshopper (level 4, -2/33 HPs)
             Began as a Formicid Warper on June 2, 2022.
             Slain by Grinder (4 damage)
             ... on level 3 of the Dungeon.
             The game lasted 00:02:56 (2585 turns).

Descartes the Grasshopper (Formicid Warper)         Turns: 2585, Time: 00:02:57

Health: -2/33      AC: 10    Str: 18    XL:     4   Next: 45%
Magic:  7/7        EV:  5    Int: 12    God:
Gold:   128        SH:  0    Dex: 10    Spells: 7/7 levels left

rFire   + . .      SeeInvis +   a - +0 hand axe
rCold   + . .      Faith    .   (no shield)
rNeg    . . .      Spirit   .   e - +1 plate armour {Will+}
rPois   +          Reflect  .   (helmet unavailable)
rElec   +          Harm     .   (no cloak)
rCorr   +          Rampage  .   (no gloves)
Will    +....                   i - -3 pair of boots "Imiy" {Regen+ SInv}
Stlth   ..........              (no amulet)
HPRegen 0.91/turn               (no ring)
MPRegen 0.10/turn               (no ring)

@: resistant
A: permanent stasis, dig shafts and tunnels, antennae 3, four strong arms
a: Dig, Shaft Self


You were on level 3 of the Dungeon.
You visited 1 branch of the dungeon, and saw 3 of its levels.

You collected 128 gold pieces.

Inventory:

Hand Weapons
 a - a +0 hand axe (weapon)
Missiles
 c - 5 boomerangs of dispersal (quivered)
 d - 82 stones
Armour
 b - a +0 leather armour
 e - a +1 plate armour of willpower (worn)
 i - the -3 pair of boots "Imiy" (worn) {Regen+ SInv}
   (You found it on level 2 of the Dungeon)

   SInv:      It lets you see invisible.
   Regen:     It increases your rate of health regeneration.
Jewellery
 m - a ring of magical power
Wands
 j - a wand of paralysis (6)
Scrolls
 f - a scroll of vulnerability {unknown}
 h - a scroll of teleportation {unknown}


   Skills:
 - Level 2.1 Fighting
 + Level 2.7 Axes
 - Level 1.0 Throwing
 + Level 2.3 Armour
 - Level 1.7 Dodging
 + Level 2.1 Shields
 - Level 2.1 Spellcasting
 + Level 3.2 Translocations


You had 7 spell levels left.
You didn't know any spells.
Your spell library contained the following spells:

 Spells                   Type           Power      Damage    Failure   Level
 Gell's Gravitas          Tloc           9%         N/A       100%        3
 Lesser Beckoning         Tloc           9%         N/A       100%        3
 Teleport Other           Tloc           9%         N/A       100%        3
 Manifold Assault         Tloc           9%         N/A       100%        5
 Blink                    Tloc           Unusable   N/A       N/A         2

Dungeon Overview and Level Annotations

Branches:
Dungeon (3/15)

Altars:

Annotations:
D:2 1 runed translucent door, Crazy Yiuf
D:3 Grinder


Innate Abilities, Weirdness & Mutations

You cannot be hasted, slowed, berserked, paralysed or teleported.
You can dig through walls and to a lower floor.
You have a pair of large antennae on your head. (SInv)
Your four strong arms can wield two-handed weapons with a shield.


Message History

You feel protected.
The endoplasm hits you but does no damage.
Grinder blinks!
You feel less invigorated.
You feel less confused.
The endoplasm hits you but does no damage.
You barely miss Grinder.
Grinder is lightly wounded.
You hit the endoplasm.
You kill the endoplasm!
Grinder hits you but does no damage.
You closely miss Grinder.
Grinder is lightly wounded.
Grinder hits you.
You writhe in agony.
Unknown command.
You barely miss Grinder.
Grinder is lightly wounded.
Grinder hits you! Grinder hits you but does no damage.
You barely miss Grinder.
Grinder is lightly wounded.
Grinder hits you.
* * * LOW HITPOINT WARNING * * *
It was a potion of curing.
You feel better. Grinder hits you but does no damage.
You closely miss Grinder.
Grinder is lightly wounded.
Grinder hits you but does no damage.
You closely miss Grinder.
Grinder is lightly wounded.
Grinder hits you.
You writhe in agony.
Unknown command.
As you read the scroll labelled HUGGIE XAMMEOM, it crumbles to dust.
It is a scroll of enchant armour.
Your +0 plate armour of willpower glows green for a moment.
Grinder gestures at you. Pain shoots through your body!
* * * LOW HITPOINT WARNING * * *
Are you sure you want to shaft yourself?
Grinder hits you.
You die...

### ######.# .# #......#
.# ######.# ### .#
#.######.###.#
#............#
#.#####..##..#
..####.####.......#.#
.......>.......5@...#
..####................#
..####.........#..#...#
........................
........#......#......##
............)..#........
....#.......<.........##
....#..................
.#..................


You could see Grinder.

Vanquished Creatures
  A hound skeleton (D:2)
  An adder (D:3)
  A worm (D:2)
  A dart slug (D:1)
  7 bats
  5 endoplasms
  A giant cockroach (D:2)
  6 goblins
  3 hobgoblins
  4 quokkas
  5 ball pythons
  A frilled lizard (D:1)
  3 kobolds (D:1)
  2 rats (D:1)
41 creatures vanquished.

Notes
Turn   | Place    | Note
-------+----------+-------------------------------------------
     0 | D:1      | Descartes the Formicid Warper began the quest for the Orb.
     0 | D:1      | Reached XP level 1. HP: 16/16 MP: 3/3
   220 | D:1      | Reached XP level 2. HP: 16/22 MP: 5/5
   340 | D:1      | Reached skill level 1 in Shields
  1028 | D:1      | Reached XP level 3. HP: 24/27 MP: 6/6
  1403 | D:2      | Reached skill level 3 in Translocations
  1626 | D:2      | Identified the -3 pair of boots "Imiy" {Regen+ SInv}
  1943 | D:2      | Reached XP level 4. HP: 33/33 MP: 7/7
  2330 | D:2      | Found a runed translucent door.
  2331 | D:2      | Noticed Crazy Yiuf
  2565 | D:3      | Noticed Grinder
  2584 | D:3      | HP: 1/33 [Grinder/nerve-wracking pain (13)]
  2585 | D:3      | Slain by Grinder

Illustrated notes

Levels and vault maps discovered:
D:1:      psy_arrival_heroes, layout_loops_corners, serial_bayou_ford_a
D:2:      layout_loops_corners, uniq_crazy_yiuf_cottage
D:3:      layout_basic, uniq_grinder, uniq_sigmund

Skill      XL: |  1  2  3  4 |
---------------+-------------+-----
Shields        | 1 2 |  2.1
Translocations | 3 |  3.2
Armour         | 2 |  2.3
Fighting       | |  2.1
Axes           | |  2.7
Throwing       | |  1.0
Dodging        | |  1.7
Spellcasting   | |  2.1

Action                   |  1- 3 |  4- 6 || total
-------------------------+-------+-------++-------
Melee: Hand axe          |    86 |    44 ||   130
       Punch             |     2 |     1 ||     3
 Abil: Shaft Self        |       |     1 ||     1
  Use: Potion            |       |     3 ||     3
       Scroll            |       |     1 ||     1
Armor: Plate armour      |    46 |    45 ||    91
       Leather armour    |     1 |       ||     1
Dodge: Dodged            |    33 |    16 ||    49
